 Dungeon Crawl Stone Soup version 0.31-a0-187-gba352fbbf7 (webtiles) character file.

Game seed: 9915033975249963799

71 qw the Shooter (level 4, -1/25 HPs)
             Began as a Deep Elf Hunter on June 22, 2023.
             Slain by a gnoll
             ... wielding the +7 mace of True Grit {venom, rC+}
              (11 damage)
             ... on level 2 of the Dungeon.
             The game lasted 00:00:22 (951 turns).

qw the Shooter (Deep Elf Hunter)                     Turns: 951, Time: 00:00:23

Health: -1/25      AC:  6    Str: 10    XL:     4   Next: 5%
Magic:  6/6        EV:  9    Int: 14    God:
Gold:   113        SH:  0    Dex: 18    Spells: 3/3 levels left

rFire   . . .        Y - +0 shortbow
rCold   . . .        (shield currently unavailable)
rNeg    . . .        e - +0 scale mail
rPois   .            (no helmet)
rElec   .            (no cloak)
rCorr   .            (no gloves)
SInv    .            (no boots)
Will    .....        (no amulet)
Stlth   +            (no ring)
HPRegen 0.24/turn    (no ring)
MPRegen 0.10/turn

%: no passive effects
@: no status effects
A: no striking features
a: no special abilities


You were on level 2 of the Dungeon.
You visited 1 branch of the dungeon, and saw 2 of its levels.

You collected 113 gold pieces.


   Skills:
 - Level 1.5 Fighting
 + Level 7.5 Ranged Weapons
 - Level 2.4 Dodging
 - Level 1.2 Stealth


You had 3 spell levels left.
You didn't know any spells.
Your spell library was empty.

Inventory:

Hand Weapons
 Y - a +0 shortbow (weapon)
Armour
 e - a +0 scale mail (worn)
Jewellery
 a - an amulet of magic regeneration
 b - an amulet of guardian spirit
 h - a ring of see invisible
 l - a +6 ring of strength
Scrolls
 c - a scroll of teleportation
 f - a scroll of identify
 m - a scroll of vulnerability {unknown}
Potions
 d - a potion of berserk rage {unknown}
 g - a potion of mutation {unknown}
 i - 2 potions of heal wounds {unknown}
 j - a potion of invisibility {unknown}
 k - a potion of haste {unknown}
 n - a potion of curing {unknown}

Dungeon Overview and Level Annotations

Branches:
Dungeon (2/15)

Altars:


Message History

Enter note:
l - a +6 ring of strength
Enter note:
Found 5 poisoned darts.
Enter note: A goblin comes into view. It is wielding a +0 club.
The goblin shouts!
Enter note: You shoot an arrow.
The arrow barely misses the goblin.
You shoot an arrow. The arrow hits the goblin!
You kill the goblin!
Found 4 poisoned darts.
Enter note:
Enter note:
m - a scroll labelled XUNTIA XOAN
Enter note:
Enter note:
n - a smoky green potion
Enter note:
Enter note: A hobgoblin comes into view.
The hobgoblin hits you but does no damage.
Enter note:
Enter note: You shoot an arrow.
The arrow barely misses the hobgoblin.
You hear a shout!
The hobgoblin hits you.
You shoot an arrow. The arrow hits the hobgoblin.
The hobgoblin is moderately wounded.
The hobgoblin hits you but does no damage.
You shoot an arrow. The arrow hits the hobgoblin.
You kill the hobgoblin!
A gnoll comes into view.
It is wielding the +7 mace of True Grit {venom, rC+}.
The gnoll hits you with the +7 mace of True Grit {venom, rC+}!
Ouch! That really hurt!
A dart slug comes into view.
You shoot an arrow. The arrow hits the gnoll.
The gnoll is lightly wounded.
The gnoll hits you with the +7 mace of True Grit {venom, rC+}!
You die...

#.........#......#
#..#
..######....###.##
#..# #
#.#.####.######..# .
##.#..............# .
#..######.#####...###.
#.## ###.# ###.#..#..
###.####....#
#...#.....
#......#..###
#.#####... #.##.##@#.
.... #..... #. #.#g##
### #.#..#.. # ##.#
#....### ..## ####%###
#.. #...... ...
......#.### ..#
########.# .w
..........#
..######..#


You could see a gnoll and a dart slug.

Vanquished Creatures
  A hound (D:2)
  An adder (D:2)
  An endoplasm (D:1)
  A giant cockroach (D:1)
  3 goblins
  7 hobgoblins
  7 bats
  2 frilled lizards
  5 kobolds
  6 rats
34 creatures vanquished.

Notes
Turn   | Place    | Note
-------+----------+-------------------------------------------
     0 | D:1      | qw the Deep Elf Hunter began the quest for the Orb.
     0 | D:1      | Reached XP level 1. HP: 12/12 MP: 3/3
     0 | D:1      | 0 ||| qw: Version: 0.3-a-9-g12657ce
     0 | D:1      | 0 ||| qw: Game counter: 2395
     0 | D:1      | 0 ||| qw: Always use a shield: true
     0 | D:1      | 0 ||| qw: God list: Okawaru
     0 | D:1      | 0 ||| qw: Allow faded altars: false
     0 | D:1      | 0 ||| qw: Do Orc after D:15 true
     0 | D:1      | 0 ||| qw: Do second Lair branch before Depths: true
     0 | D:1      | 0 ||| qw: Lair rune preference: random
     0 | D:1      | 0 ||| qw: Plans: Normal
     0 | D:1      | 0 ||| PLANNING D:1-11
    70 | D:1      | Reached skill level 6 in Ranged Weapons
    70 | D:1      | Reached XP level 2. HP: 16/16 MP: 4/4
   474 | D:1      | 474 ||| UPGRADING to +0 scale mail.
   484 | D:1      | 484 ||| DROPPING +0 leather armour.
   485 | D:1      | 485 ||| READING scroll labelled ASMUMYLUIN.
   486 | D:1      | 486 ||| READING scroll labelled CICU OPTARYST.
   487 | D:1      | 487 ||| READING scroll labelled WIHAEM WIKUEMM.
   490 | D:1      | 490 ||| DROPPING scroll of butterflies.
   521 | D:2      | Reached XP level 3. HP: 13/20 MP: 5/5
   612 | D:2      | HP: 5/20 [hound (2)]
   616 | D:2      | Reached skill level 7 in Ranged Weapons
   889 | D:2      | Reached XP level 4. HP: 25/25 MP: 6/6
   950 | D:2      | Identified the +7 mace of True Grit {venom, rC+}
   951 | D:2      | Slain by a gnoll

Levels and vault maps discovered:
D:1:      minmay_arrival_up_and_down, layout_basic
D:2:      layout_loops_ring, minmay_tripent

Skill      XL: |  1  2  3 |
---------------+----------+-----
Ranged Weapons | 6 7 |  7.5
Fighting       | |  1.5
Dodging        | |  2.4
Stealth        | |  1.2

Action                     |  1- 3 |  4- 6 || total
---------------------------+-------+-------++-------
   Fire: Shortbow          |    74 |     8 ||    82
    Use: Scroll            |     3 |       ||     3
 Armour: Leather armour    |     2 |       ||     2
         Scale mail        |    10 |     2 ||    12
  Dodge: Dodged            |    17 |       ||    17

Table legend:
 A = Non-vault XP
 B = Vault XP
 C = Vault XP percentage of total XP
 D = Non-vault monster count
 E = Vault monster count
 F = Vault count percentage of total count
                 A         B        C        D         E       F
            +---------+---------+-------+---------+---------+-------
      Total |     100 |       2 |   2.0 |      33 |       1 |   2.9
            +---------+---------+-------+---------+---------+-------
        D:1 |      29 |       0 |   0.0 |      20 |       0 |   0.0
        D:2 |      71 |       2 |   2.7 |      13 |       1 |   7.1
            +---------+---------+-------+---------+---------+-------
